[Event "106th British-ch 2019"]
[Site "Torquay"]
[Date "2019.07.30"]
[Round "4.17"]
[White "Merriman, John"]
[Black "Bates, Richard A"]
[Result "1/2-1/2"]
[ECO "E44"]
[WhiteElo "2226"]
[BlackElo "2352"]
[Annotator "NA"]
[PlyCount "44"]
[EventDate "2019.07.27"]
[EventType "swiss"]
[EventCountry "GBR"]
[SourceTitle "playchess.com"]
[Source "ChessBase"]
[SourceQuality "1"]
[TimeControl "40/5400+30:1800+30"]

1. d4 Nf6 2. c4 e6 3. Nc3 Bb4 4. e3 b6 5. Nge2 Ne4 6. Bd2 Nxd2 7. Qxd2 O-O 8. a3 Be7 9. d5 d6 10. g3 e5 11. Bg2 Nd7 12. f4 Nc5 13. Rd1 exf4 14. exf4 Bg4 15. b4 Nd7 16. O-O Bxe2 17. Nxe2 Bf6 18. g4 g6 19. g5 Bg7 20. f5 gxf5 21. Rxf5 Ne5 22. Qf4 Qe7 1/2-1/2

[Event "106th British-ch 2019"]
[Site "Torquay"]
[Date "2019.07.30"]
[Round "4.18"]
[White "Hand, Freddie"]
[Black "Ward, Chris G"]
[Result "1/2-1/2"]
[ECO "B07"]
[WhiteElo "2142"]
[BlackElo "2418"]
[Annotator "NA"]
[PlyCount "73"]
[EventDate "2019.07.27"]
[EventType "swiss"]
[EventCountry "GBR"]
[SourceTitle "playchess.com"]
[Source "ChessBase"]
[SourceQuality "1"]
[TimeControl "40/5400+30:1800+30"]

1. d4 d6 2. e4 Nf6 3. f3 d5 4. Nc3 e6 5. Be3 Be7 6. Qd2 O-O 7. Nh3 dxe4 8. fxe4 c5 9. d5 exd5 10. exd5 Bg4 11. Nf2 Bh5 12. h3 Ne8 13. g4 Bg6 14. O-O-O Nd6 15. h4 f5 16. g5 Bh5 17. Be2 Bxe2 18. Qxe2 Re8 19. Nh3 Nd7 20. Nf4 Qa5 21. Ne6 Bf8 22. Bf4 a6 23. Qd3 Nb5 24. Nxb5 axb5 25. Nc7 Qxa2 26. Nxe8 Rxe8 27. Qxb5 Re4 28. Rh3 Rb4 29. Qxd7 Qxb2+ 30. Kd2 Rxf4 31. Qe6+ Kh8 32. Re1 Rd4+ 33. Rd3 Qb4+ 34. Kd1 Qb1+ 35. Kd2 Qb4+ 36. Kd1 Qb1+ 37. Kd2 1/2-1/2

[Event "106th British-ch 2019"]
[Site "Torquay"]
[Date "2019.07.30"]
[Round "4.19"]
[White "Storey, Charles H"]
[Black "Ogunshola, Olugbemiga (Ben)"]
[Result "1-0"]
[ECO "D03"]
[WhiteElo "2261"]
[BlackElo "2172"]
[Annotator "NA"]
[PlyCount "72"]
[EventDate "2019.07.27"]
[EventType "swiss"]
[EventCountry "GBR"]
[SourceTitle "playchess.com"]
[Source "ChessBase"]
[SourceQuality "1"]
[TimeControl "40/5400+30:1800+30"]

1. d4 Nf6 2. Bg5 e6 3. Nf3 c5 4. c3 Nc6 5. e3 Qb6 6. Qc2 Be7 7. Nbd2 d5 8. Bd3 h6 9. Bh4 Bd7 10. O-O Rc8 11. Qb1 O-O 12. Kh1 Rfe8 13. h3 cxd4 14. exd4 Na5 15. b4 Nc4 16. Bxc4 dxc4 17. Ne5 Ba4 18. Bxf6 gxf6 19. Ng4 Kg7 20. f4 f5 21. Ne3 Rg8 22. Qe1 Bf6 23. Qe2 Qa6 24. Qh5 Rc7 25. Kh2 b6 26. g4 Bxd4 27. cxd4 c3 28. g5 hxg5 29. Qxg5+ Kf8 30. Qd8+ Be8 31. Qd6+ Re7 32. Ndc4 Qb7 33. d5 exd5 34. Qh6+ Rg7 35. Rg1 f6 36. Qh8+ Kf7 1-0

[Event "106th British-ch 2019"]
[Site "Torquay"]
[Date "2019.07.30"]
[Round "4.20"]
[White "Player, Edmund C"]
[Black "Holland, Chris Kd"]
[Result "0-1"]
[ECO "C06"]
[WhiteElo "2202"]
[BlackElo "2143"]
[Annotator "ChessBase"]
[PlyCount "112"]
[EventDate "2019.07.27"]
[EventType "swiss"]
[EventCountry "GBR"]
[SourceTitle "playchess.com"]
[Source "ChessBase"]
[SourceQuality "1"]
[TimeControl "40/5400+30:1800+30"]

1. e4 e6 2. d4 d5 3. Nd2 Nf6 4. e5 Nfd7 5. Bd3 c5 6. c3 Nc6 7. Ne2 cxd4 8. cxd4 f6 9. exf6 Nxf6 10. Nf3 Bd6 11. O-O Qc7 12. Bd2 O-O 13. Ng3 Bd7 14. Bc3 e5 15. dxe5 Nxe5 16. Be2 Rae8 17. Rc1 Qb8 18. b3 Kh8 19. Bb2 Ng6 20. Nd4 Nf4 21. Bf3 Ne4 22. Re1 Ng5 23. Rxe8 Nxf3+ 24. Nxf3 Qxe8 25. Qd4 Qg6 26. Rd1 Bh3 27. Nh4 Qg5 28. Qxg7+ Qxg7 29. Bxg7+ Kxg7 30. gxh3 Nxh3+ 31. Kg2 Nf4+ 32. Kf1 Bc5 33. Nhf5+ Kg6 34. Nd4 Nh3 35. Kg2 Nxf2 36. Rd2 Ng4 37. Ne6 Ne3+ 38. Kh3 Rc8 39. Rd3 Bb6 40. Nf4+ Kf7 41. Nxd5 Rd8 42. Nf4 Rxd3 43. Nxd3 Ke6 44. Ne4 Kd5 45. Nf6+ Kd4 46. Nb2 Bd8 47. Ng4 Nxg4 48. Kxg4 Kc3 49. Nc4 Bc7 50. h3 b5 51. Ne3 Kb2 52. Nd5 Bd6 53. Kf5 b4 54. Ke6 Bf8 55. Kf7 Bc5 56. Kg7 Kxa2 0-1

[Event "106th British-ch 2019"]
[Site "Torquay"]
[Date "2019.07.30"]
[Round "4.21"]
[White "Longson, Sarah N"]
[Black "Stoyanov, Viktor"]
[Result "1/2-1/2"]
[ECO "B14"]
[WhiteElo "2095"]
[BlackElo "2198"]
[Annotator "NA"]
[PlyCount "173"]
[EventDate "2019.07.27"]
[EventType "swiss"]
[EventCountry "GBR"]
[SourceTitle "playchess.com"]
[Source "ChessBase"]
[SourceQuality "1"]
[TimeControl "40/5400+30:1800+30"]

1. e4 c6 2. d4 d5 3. exd5 cxd5 4. c4 Nf6 5. Nc3 g6 6. Bg5 Bg7 7. Be2 O-O 8. Nf3 dxc4 9. Ne5 Nc6 10. Nxc6 bxc6 11. Bxc4 Qa5 12. Qd2 Rd8 13. O-O-O Rb8 14. Rhe1 Rb4 15. b3 Rb7 16. Na4 Qxd2+ 17. Rxd2 h6 18. Bh4 Rbd7 19. Bg3 e6 20. Be5 Ng4 21. Bxg7 Kxg7 22. Red1 Nf6 23. Nc5 Rc7 24. Re1 Nd5 25. f3 g5 26. Kb2 Nf4 27. Red1 Re7 28. g3 Ng6 29. Kc3 h5 30. Bd3 f5 31. Bc4 Kf6 32. b4 g4 33. f4 h4 34. Re1 Rh8 35. Rde2 hxg3 36. hxg3 Rh3 37. Re3 Nf8 38. a4 Rh2 39. b5 cxb5 40. axb5 Rhh7 41. Kb4 Rc7 42. Bb3 Rhe7 43. Rc3 Rh7 44. Rec1 Ke7 45. d5 exd5 46. Bxd5 Ke8 47. Ne4 Rxc3 48. Rxc3 Kd8 49. Ng5 Rd7 50. Nf7+ Ke7 51. Bb3 Rd4+ 52. Ka5 Bd7 53. Ne5 Rd6 54. Rc7 Rd2 55. Rxa7 Rg2 56. b6 Rxg3 57. Kb4 Kd6 58. Ra8 Ne6 59. Nxd7 Rxb3+ 60. Kxb3 Kxd7 61. Kc4 Kc6 62. Rg8 Nxf4 63. Kd4 Kxb6 64. Ke5 Nd3+ 65. Kxf5 Kc5 66. Rxg4 Kd5 67. Rg8 Kd4 68. Rd8+ Ke3 69. Rd7 Nc5 70. Ra7 Kd4 71. Ra8 Nd3 72. Rd8+ Ke3 73. Rd5 Nb2 74. Ra5 Nd3 75. Ra4 Nc5 76. Rh4 Nd3 77. Re4+ Kf3 78. Ra4 Ke3 79. Re4+ Kf3 80. Re8 Nf2 81. Ra8 Nd3 82. Rh8 Ke3 83. Rh4 Nf2 84. Ra4 Nd3 85. Rg4 Kf3 86. Re4 Nf2 87. Rf4+ 1/2-1/2

[Event "106th British-ch 2019"]
[Site "Torquay"]
[Date "2019.07.30"]
[Round "4.22"]
[White "Crickmore, Neil Eg"]
[Black "Modi, Shyam Jagdish"]
[Result "0-1"]
[ECO "A68"]
[WhiteElo "2187"]
[BlackElo "2098"]
[Annotator "NA"]
[PlyCount "66"]
[EventDate "2019.07.27"]
[EventType "swiss"]
[EventCountry "GBR"]
[SourceTitle "playchess.com"]
[Source "ChessBase"]
[SourceQuality "1"]
[TimeControl "40/5400+30:1800+30"]

1. d4 Nf6 2. c4 g6 3. Nc3 Bg7 4. e4 d6 5. f4 c5 6. d5 O-O 7. Nf3 e6 8. Be2 exd5 9. cxd5 Bg4 10. O-O Nbd7 11. h3 Bxf3 12. Bxf3 Ne8 13. Be3 a6 14. a4 Nc7 15. Qd2 Rb8 16. Rae1 b5 17. e5 dxe5 18. fxe5 Bxe5 19. Bxc5 Nxc5 20. Rxe5 Qd6 21. Ree1 bxa4 22. Nd1 Qb6 23. Kh1 Nb5 24. Ne3 Nd6 25. Ng4 Nf5 26. Nh6+ Nxh6 27. Qxh6 Qd6 28. Qd2 Rb6 29. Rc1 Nb3 30. Qe2 Nxc1 31. Rxc1 Rfb8 32. Rc6 Rxc6 33. dxc6 a3 0-1

[Event "106th British-ch 2019"]
[Site "Torquay"]
[Date "2019.07.30"]
[Round "4.23"]
[White "Moore, Graham J"]
[Black "Donaldson, Thomas"]
[Result "1-0"]
[ECO "C31"]
[WhiteElo "2264"]
[BlackElo "2065"]
[Annotator "NA"]
[PlyCount "63"]
[EventDate "2019.07.27"]
[EventType "swiss"]
[EventCountry "GBR"]
[SourceTitle "playchess.com"]
[Source "ChessBase"]
[SourceQuality "1"]
[TimeControl "40/5400+30:1800+30"]

1. e4 e5 2. f4 d5 3. exd5 c6 4. Nc3 exf4 5. Nf3 Bd6 6. d4 Ne7 7. dxc6 Nbxc6 8. Bd3 O-O 9. O-O Ng6 10. Ne4 Bg4 11. c3 Re8 12. Qb3 Bxf3 13. gxf3 Rb8 14. Bd2 Nh4 15. Qd5 Re6 16. Kh1 Ne7 17. Qg5 Neg6 18. Qh5 Be7 19. Rae1 Ne5 20. Nf6+ Bxf6 21. Qxh7+ Kf8 22. dxe5 Bxe5 23. Qh8+ Ke7 24. Qxh4+ Bf6 25. Rxe6+ fxe6 26. Qh7 Qd6 27. Be1 Rd8 28. Bc4 Qc6 29. Be2 Rd5 30. Bh4 Rd2 31. Qxg7+ Kd6 32. Qxf6 1-0

[Event "106th British-ch 2019"]
[Site "Torquay"]
[Date "2019.07.30"]
[Round "4.24"]
[White "Wall, Tim P"]
[Black "Jaufarally, Nadia"]
[Result "1-0"]
[ECO "A49"]
[WhiteElo "2246"]
[BlackElo "1944"]
[Annotator "ChessBase"]
[PlyCount "127"]
[EventDate "2019.07.27"]
[EventType "swiss"]
[EventCountry "GBR"]
[SourceTitle "playchess.com"]
[Source "ChessBase"]
[SourceQuality "1"]
[TimeControl "40/5400+30:1800+30"]

1. d4 Nf6 2. Nf3 g6 3. g3 Bg7 4. Bg2 O-O 5. O-O d6 6. b3 c5 7. Bb2 cxd4 8. Nxd4 d5 9. c4 e5 10. Nf3 e4 11. Nd4 dxc4 12. Na3 c3 13. Bxc3 Qe7 14. Nc4 Rd8 15. Bb2 Nd5 16. e3 Na6 17. Ba3 Ndb4 18. Qe2 h5 19. h3 Be6 20. Rad1 Rac8 21. Rd2 Qe8 22. Nxe6 Qxe6 23. Rfd1 Rxd2 24. Qxd2 b5 25. Bxb4 bxc4 26. Bc3 Bxc3 27. Qxc3 cxb3 28. Qxb3 Qf5 29. Bf1 Nc5 30. Qd5 Qxd5 31. Rxd5 Kf8 32. Bc4 Ke7 33. g4 hxg4 34. hxg4 f6 35. Kg2 Ne6 36. Bb5 Nc5 37. Kg3 Ke6 38. Bc4 Ke7 39. Rd4 Rc7 40. Kf4 Nd3+ 41. Bxd3 exd3 42. Rxd3 Rc2 43. Ra3 Rxf2+ 44. Ke4 f5+ 45. gxf5 Rxf5 46. Rxa7+ Kd8 47. a4 Kc8 48. Ra6 Kb7 49. Rxg6 Ra5 50. Rd6 Rxa4+ 51. Ke5 Kc7 52. Rd4 Ra8 53. e4 Ra6 54. Kf5 Rb6 55. e5 Rh6 56. e6 Rh1 57. Kf6 Rf1+ 58. Ke7 Rf2 59. Rc4+ Kb6 60. Kd7 Rd2+ 61. Ke8 Re2 62. e7 Kb5 63. Rf4 Ra2 64. Kf8 1-0

[Event "106th British-ch 2019"]
[Site "Torquay"]
[Date "2019.07.30"]
[Round "4.25"]
[White "Yoon, Jacob D"]
[Black "Villiers, Thomas"]
[Result "1-0"]
[ECO "B02"]
[WhiteElo "1963"]
[BlackElo "2218"]
[Annotator "NA"]
[PlyCount "91"]
[EventDate "2019.07.27"]
[EventType "swiss"]
[EventCountry "GBR"]
[SourceTitle "playchess.com"]
[Source "ChessBase"]
[SourceQuality "1"]
[TimeControl "40/5400+30:1800+30"]

1. e4 Nf6 2. e5 Nd5 3. Nc3 e6 4. d4 d6 5. Nf3 Nxc3 6. bxc3 dxe5 7. Nxe5 Nd7 8. f4 Nxe5 9. fxe5 Qh4+ 10. Kd2 Be7 11. Qf3 Bd7 12. g3 Qg5+ 13. Ke1 Qg6 14. Bd3 Bc6 15. Qe2 Bxh1 16. Bxg6 hxg6 17. Kf1 g5 18. Kg1 Bc6 19. a4 Kd7 20. Ba3 Bxa3 21. Rxa3 Rh3 22. c4 Rah8 23. d5 exd5 24. cxd5 Bxd5 25. Rd3 c6 26. c4 Rxh2 27. Qxh2 Rxh2 28. Kxh2 Ke6 29. cxd5+ cxd5 30. Rc3 d4 31. Rc7 Kxe5 32. Rxb7 a6 33. Rxf7 d3 34. Rxg7 Ke4 35. Rd7 Ke3 36. Kh3 d2 37. Kg4 Ke2 38. Kxg5 d1=R 39. Rxd1 Kxd1 40. Kf4 Kc2 41. g4 Kb3 42. g5 Kxa4 43. g6 Kb4 44. g7 a5 45. g8=Q a4 46. Qa2 1-0

[Event "106th British-ch 2019"]
[Site "Torquay"]
[Date "2019.07.30"]
[Round "4.26"]
[White "Krzyzanowski, Patryk"]
[Black "Starley, Robert"]
[Result "1-0"]
[ECO "E01"]
[WhiteElo "2114"]
[BlackElo "2058"]
[Annotator "NA"]
[PlyCount "62"]
[EventDate "2019.07.27"]
[EventType "swiss"]
[EventCountry "GBR"]
[SourceTitle "playchess.com"]
[Source "ChessBase"]
[SourceQuality "1"]
[TimeControl "40/5400+30:1800+30"]

1. Nf3 d5 2. d4 Nf6 3. c4 c6 4. Nc3 e6 5. g3 Nbd7 6. Bg2 dxc4 7. O-O Bb4 8. Qc2 Nd5 9. Nd1 O-O 10. Ng5 N5f6 11. Qxc4 Be7 12. Qc2 h6 13. Nf3 c5 14. Nc3 cxd4 15. Nxd4 a6 16. Rd1 Qc7 17. Be3 Nb6 18. Rac1 e5 19. Nf3 Ng4 20. Qb3 Nd7 21. Nd5 Qd8 22. Bb6 Nxb6 23. Nxb6 Bd6 24. Nxa8 Qe7 25. Qd5 Rd8 26. Rxc8 Rxc8 27. Qxd6 Qxd6 28. Rxd6 Rxa8 29. h3 Nf6 30. Nxe5 Re8 31. f4 Nh5 1-0

[Event "106th British-ch 2019"]
[Site "Torquay"]
[Date "2019.07.30"]
[Round "4.27"]
[White "Kahn, Tito"]
[Black "Ledger, Dave J"]
[Result "0-1"]
[ECO "A45"]
[WhiteElo "1921"]
[BlackElo "2168"]
[Annotator "NA"]
[PlyCount "78"]
[EventDate "2019.07.27"]
[EventType "swiss"]
[EventCountry "GBR"]
[SourceTitle "playchess.com"]
[Source "ChessBase"]
[SourceQuality "1"]
[TimeControl "40/5400+30:1800+30"]

1. d4 Nf6 2. Bf4 c5 3. d5 b5 4. c4 d6 5. Qc2 g6 6. e4 Bg7 7. cxb5 a6 8. b6 O-O 9. Nf3 Qxb6 10. Nc3 Ne8 11. Bd3 Nc7 12. O-O Nd7 13. Nd2 Nb5 14. Nc4 Qc7 15. Ne2 Nb6 16. a4 Nxc4 17. Bxc4 Nd4 18. Nxd4 Bxd4 19. Bd2 f5 20. Bd3 fxe4 21. Bxe4 Bf5 22. Bc3 Bxc3 23. bxc3 c4 24. f3 Rab8 25. g4 Bxe4 26. Qxe4 Rb3 27. Rac1 Rb2 28. Kh1 Rf7 29. f4 Qd7 30. f5 gxf5 31. gxf5 Kf8 32. Rf3 Qxa4 33. Rg3 Qa2 34. Qh4 Ke8 35. Re1 Re2 36. Re3 Rxe3 37. Rxe3 Qb1+ 38. Kg2 Qxf5 39. Re1 Rg7+ 0-1

[Event "106th British-ch 2019"]
[Site "Torquay"]
[Date "2019.07.31"]
[Round "5.16"]
[White "Claridge-Hansen, William"]
[Black "Hand, Freddie"]
[Result "1-0"]
[ECO "A11"]
[WhiteElo "2297"]
[BlackElo "2142"]
[Annotator "NA"]
[PlyCount "87"]
[EventDate "2019.07.27"]
[EventType "swiss"]
[EventCountry "GBR"]
[SourceTitle "playchess.com"]
[Source "ChessBase"]
[SourceQuality "1"]
[TimeControl "40/5400+30:1800+30"]

1. c4 c6 2. g3 d5 3. Nf3 Nf6 4. Bg2 dxc4 5. O-O b5 6. a4 Bb7 7. b3 b4 8. bxc4 c5 9. a5 a6 10. d3 e6 11. Nbd2 Be7 12. Nb3 O-O 13. Bb2 Nbd7 14. e4 h6 15. Qe2 Qc7 16. Ne1 Nh7 17. f4 Rfd8 18. e5 g6 19. g4 Bf8 20. f5 Re8 21. f6 Rad8 22. h4 Nb8 23. Bxb7 Qxb7 24. Nf3 Nc6 25. Nfd2 Qd7 26. Rf3 Qc7 27. Qh2 Rd7 28. Ne4 Nd4 29. Bxd4 cxd4 30. Rff1 Red8 31. Qf4 Rc8 32. g5 h5 33. Qg3 Qc6 34. Rfc1 Qb7 35. Ra2 Qc6 36. Kf1 Rdd8 37. Kg1 Rd7 38. c5 Qd5 39. Rc4 Rb7 40. Rac2 Rb5 41. Qf4 Rd8 42. Ned2 Qb7 43. Rxd4 Rc8 44. Rdc4 1-0

[Event "106th British-ch 2019"]
[Site "Torquay"]
[Date "2019.07.31"]
[Round "5.17"]
[White "Brewer, Callum D"]
[Black "Zapolskis, Antanas"]
[Result "1/2-1/2"]
[ECO "B00"]
[WhiteElo "2086"]
[BlackElo "2290"]
[Annotator "ChessBase"]
[PlyCount "169"]
[EventDate "2019.07.27"]
[EventType "swiss"]
[EventCountry "GBR"]
[SourceTitle "playchess.com"]
[Source "ChessBase"]
[SourceQuality "1"]
[TimeControl "40/5400+30:1800+30"]

1. d4 b5 2. e4 a6 3. a4 b4 4. Nf3 e6 5. Bd3 c5 6. Nbd2 cxd4 7. Nxd4 Bb7 8. O-O Qc7 9. Nc4 d5 10. exd5 Bxd5 11. Qe2 Nf6 12. g3 Nc6 13. Nf5 Bxc4 14. Bxc4 Qe5 15. Qf3 Qe4 16. Qxe4 Nxe4 17. f3 Ne5 18. Be2 exf5 19. fxe4 Bc5+ 20. Kg2 fxe4 21. Rf4 e3 22. Re4 f6 23. Bxe3 Bxe3 24. Rxe3 a5 25. c3 Rb8 26. Bb5+ Ke7 27. cxb4 axb4 28. Re4 Rhd8 29. Rf1 Rd2+ 30. Rf2 Rxf2+ 31. Kxf2 Kd6 32. Re2 Kc5 33. Rc2+ Kb6 34. Ke3 Rd8 35. Be2 Nc6 36. Rc4 b3 37. Bf3 Ne5 38. Rb4+ Ka5 39. Rxb3 Kxa4 40. Ra3+ Kb4 41. Be2 Rd7 42. Rc3 Re7 43. Kf2 g5 44. Rc8 Rb7 45. Rf8 Rb6 46. Rh8 Kc5 47. Rxh7 Rxb2 48. Ke3 Kd5 49. Ra7 Rb3+ 50. Kf2 Ke4 51. Ra6 Rb2 52. Ra4+ Kf5 53. Ke3 g4 54. h3 gxh3 55. Rh4 Rb3+ 56. Kf2 Nf7 57. Rxh3 Ke5 58. Rh7 Ng5 59. Re7+ Kf5 60. Re3 Ne4+ 61. Kf3 Rxe3+ 62. Kxe3 Nxg3 63. Ba6 Kg5 64. Bb7 f5 65. Kf3 Nh5 66. Bc6 Nf6 67. Ba8 Nd7 68. Bb7 Ne5+ 69. Kf2 f4 70. Bc8 Kf6 71. Ke2 Ke7 72. Kd2 Nc4+ 73. Kd3 Nd6 74. Bg4 Kf6 75. Ke2 Ke5 76. Bf3 Nb5 77. Kf2 Nd4 78. Bb7 Kf5 79. Bc8+ Ke4 80. Bb7+ Ke5 81. Ba8 Ne6 82. Kf3 Ng5+ 83. Kg4 Ne6 84. Kf3 Nd4+ 85. Kg4 1/2-1/2

[Event "106th British-ch 2019"]
[Site "Torquay"]
[Date "2019.07.31"]
[Round "5.20"]
[White "Jones, Steven A"]
[Black "Derakhshani, Borna"]
[Result "0-1"]
[ECO "B12"]
[WhiteElo "2117"]
[BlackElo "2300"]
[Annotator "NA"]
[PlyCount "38"]
[EventDate "2019.07.27"]
[EventType "swiss"]
[EventCountry "GBR"]
[SourceTitle "playchess.com"]
[Source "ChessBase"]
[SourceQuality "1"]
[TimeControl "40/5400+30:1800+30"]

1. e4 c6 2. d4 d5 3. e5 Bf5 4. Nc3 e6 5. g4 Bg6 6. Nge2 c5 7. h4 h5 8. Nf4 Bh7 9. Nxh5 Nc6 10. dxc5 Bxc5 11. Bb5 Kf8 12. Bxc6 bxc6 13. Na4 Be7 14. Be3 Qb8 15. Qd4 Bxc2 16. Nc5 Qb5 17. Rc1 Be4 18. f3 Bxf3 19. Qf4 Qe2# 0-1

[Event "106th British-ch 2019"]
[Site "Torquay"]
[Date "2019.07.31"]
[Round "5.21"]
[White "Rudd, Jack"]
[Black "Longson, Sarah N"]
[Result "1-0"]
[ECO "D37"]
[WhiteElo "2275"]
[BlackElo "2095"]
[Annotator "NA"]
[PlyCount "65"]
[EventDate "2019.07.27"]
[EventType "swiss"]
[EventCountry "GBR"]
[SourceTitle "playchess.com"]
[Source "ChessBase"]
[SourceQuality "1"]
[TimeControl "40/5400+30:1800+30"]

1. d4 d5 2. c4 e6 3. Nc3 a6 4. cxd5 exd5 5. Nf3 Nf6 6. Bg5 Be6 7. e3 Nbd7 8. Bd3 h6 9. Bh4 g5 10. Bg3 Nh5 11. Qc2 Nxg3 12. hxg3 Bg7 13. O-O-O c6 14. Bf5 Bxf5 15. Qxf5 Qf6 16. Qxf6 Nxf6 17. Ne5 Ne4 18. Nxe4 dxe4 19. Nc4 Ke7 20. g4 Rhe8 21. Kb1 Rad8 22. Rc1 Rd5 23. Nb6 Rd6 24. Na4 Kf8 25. Rc3 Re7 26. Rhc1 Rd5 27. Nb6 Rb5 28. Nc4 Rd5 29. a4 f5 30. Nb6 Ra5 31. b4 Rd5 32. Nxd5 cxd5 33. gxf5 1-0

[Event "106th British-ch 2019"]
[Site "Torquay"]
[Date "2019.07.31"]
[Round "5.22"]
[White "Krzyzanowski, Patryk"]
[Black "Moore, Graham J"]
[Result "1/2-1/2"]
[ECO "E04"]
[WhiteElo "2114"]
[BlackElo "2264"]
[Annotator "NA"]
[PlyCount "110"]
[EventDate "2019.07.27"]
[EventType "swiss"]
[EventCountry "GBR"]
[SourceTitle "playchess.com"]
[Source "ChessBase"]
[SourceQuality "1"]
[TimeControl "40/5400+30:1800+30"]

1. Nf3 d5 2. d4 Nf6 3. c4 e6 4. g3 dxc4 5. Bg2 a6 6. O-O Nc6 7. Ne5 Nxe5 8. dxe5 Qxd1 9. Rxd1 Nd7 10. Rd4 Nxe5 11. Bf4 Bd6 12. Nd2 Bd7 13. Ne4 Ke7 14. Rad1 Rhd8 15. Nxd6 cxd6 16. Bxb7 Rab8 17. Rxd6 Rxb7 18. Bxe5 f6 19. Bc3 Ra8 20. Bb4 Ke8 21. a3 e5 22. f4 exf4 23. gxf4 Bb5 24. e4 Kf7 25. e5 Re8 26. Bc3 fxe5 27. fxe5 Re6 28. Rf1+ Ke7 29. Bb4 Rxd6 30. exd6+ Ke6 31. Re1+ Kf5 32. Ba5 Rd7 33. Bc7 Kg4 34. Re3 g6 35. Kf2 h6 36. Ke1 g5 37. Kd2 Rf7 38. Rg3+ Kh4 39. Kc3 g4 40. a4 Bxa4 41. Kxc4 Rf2 42. Bd8+ Kh5 43. h3 Rxb2 44. Rxg4 Bd7 45. Re4 Rc2+ 46. Kd4 Rc8 47. Rh4+ Kg6 48. Ba5 Kg5 49. Be1 Rf8 50. Re4 Bxh3 51. Bd2+ Kg6 52. Rh4 Bd7 53. Rxh6+ Kg7 54. Rh5 Rf5 55. Rxf5 Bxf5 1/2-1/2

[Event "106th British-ch 2019"]
[Site "Torquay"]
[Date "2019.07.31"]
[Round "5.23"]
[White "Ogunshola, Olugbemiga (Ben)"]
[Black "Yoon, Jacob D"]
[Result "1/2-1/2"]
[ECO "A13"]
[WhiteElo "2172"]
[BlackElo "1963"]
[Annotator "NA"]
[PlyCount "53"]
[EventDate "2019.07.27"]
[EventType "swiss"]
[EventCountry "GBR"]
[SourceTitle "playchess.com"]
[Source "ChessBase"]
[SourceQuality "1"]
[TimeControl "40/5400+30:1800+30"]

1. c4 e6 2. g3 d5 3. Bg2 dxc4 4. Qc2 Nd7 5. Qxc4 a6 6. Qc2 Rb8 7. Nf3 b5 8. Nd4 Ne7 9. Nc6 Nxc6 10. Bxc6 Bb7 11. O-O Be7 12. d4 O-O 13. Bf4 Bd6 14. Bxd6 cxd6 15. Bxb7 Rxb7 16. Rc1 Rb8 17. Nd2 Rc8 18. Qd3 Nf6 19. Rc2 Rxc2 20. Qxc2 Qb6 21. Nf3 h6 22. Rc1 Qa5 23. a3 Nd5 24. Qc6 Rd8 25. Qb7 Qa4 26. Kg2 Qb3 27. Rc8 1/2-1/2

[Event "106th British-ch 2019"]
[Site "Torquay"]
[Date "2019.07.31"]
[Round "5.24"]
[White "Ledger, Dave J"]
[Black "Player, Edmund C"]
[Result "1/2-1/2"]
[ECO "C54"]
[WhiteElo "2168"]
[BlackElo "2202"]
[Annotator "NA"]
[PlyCount "97"]
[EventDate "2019.07.27"]
[EventType "swiss"]
[EventCountry "GBR"]
[SourceTitle "playchess.com"]
[Source "ChessBase"]
[SourceQuality "1"]
[TimeControl "40/5400+30:1800+30"]

1. e4 e5 2. Nf3 Nc6 3. Bc4 Bc5 4. c3 Nf6 5. d3 d6 6. O-O O-O 7. a4 a5 8. Na3 h6 9. Nc2 Bb6 10. Be3 Bxe3 11. Nxe3 Be6 12. Re1 Re8 13. Bb5 Bd7 14. Qb3 Qc8 15. Nh4 Ne7 16. Bc4 Rf8 17. g3 c6 18. Nhg2 Rb8 19. Qa2 b5 20. Bb3 bxa4 21. Bxa4 Be6 22. Nc4 Qc7 23. Qa3 Bxc4 24. dxc4 Nd7 25. Bc2 f5 26. b3 fxe4 27. Qxa5 Qb7 28. Qa7 d5 29. Red1 Nf6 30. Ne3 Rfd8 31. Qc5 Rd7 32. b4 Rbd8 33. Nf1 Qc7 34. Ra5 d4 35. Qxe5 Qxe5 36. Rxe5 dxc3 37. Rc1 Ng6 38. Rc5 Rb7 39. b5 cxb5 40. cxb5 Rdb8 41. Bb3+ Kh8 42. R1xc3 Rxb5 43. Rc8+ Rxc8 44. Rxc8+ Kh7 45. Bc2 Rb4 46. Kg2 Ne5 47. Ne3 Kg6 48. h3 Rd4 49. Rc7 1/2-1/2

[Event "106th British-ch 2019"]
[Site "Torquay"]
[Date "2019.07.31"]
[Round "5.25"]
[White "Villiers, Thomas"]
[Black "Crickmore, Neil Eg"]
[Result "0-1"]
[ECO "B35"]
[WhiteElo "2218"]
[BlackElo "2187"]
[Annotator "NA"]
[PlyCount "78"]
[EventDate "2019.07.27"]
[EventType "swiss"]
[EventCountry "GBR"]
[SourceTitle "playchess.com"]
[Source "ChessBase"]
[SourceQuality "1"]
[TimeControl "40/5400+30:1800+30"]

1. e4 c5 2. Nf3 g6 3. d4 cxd4 4. Nxd4 Nc6 5. Nc3 Bg7 6. Be3 Nf6 7. Bc4 O-O 8. Bb3 a5 9. f3 d5 10. exd5 Nb4 11. Ndb5 a4 12. Bc4 Bf5 13. Rc1 Rc8 14. b3 Nxc2+ 15. Rxc2 Bxc2 16. Qxc2 Nxd5 17. Nxd5 Qxd5 18. Qe2 Qe5 19. O-O axb3 20. axb3 Rfd8 21. Qf2 Ra8 22. f4 Qe4 23. Bb6 Rd7 24. Re1 Ra1 25. Rxa1 Bxa1 26. h3 Rd1+ 27. Kh2 g5 28. Bc7 Bf6 29. fxg5 Be5+ 30. Bxe5 Qxe5+ 31. g3 e6 32. h4 Qe4 33. Qg2 Qe5 34. Qxb7 Rd2+ 35. Kh3 Qf5+ 36. g4 Qf4 37. Qa8+ Kg7 38. Qa1+ e5 39. Qg1 Qf3+ 0-1

[Event "106th British-ch 2019"]
[Site "Torquay"]
[Date "2019.07.31"]
[Round "5.26"]
[White "Donaldson, Thomas"]
[Black "Starley, Robert"]
[Result "0-1"]
[ECO "E41"]
[WhiteElo "2065"]
[BlackElo "2058"]
[Annotator "NA"]
[PlyCount "74"]
[EventDate "2019.07.27"]
[EventType "swiss"]
[EventCountry "GBR"]
[SourceTitle "playchess.com"]
[Source "ChessBase"]
[SourceQuality "1"]
[TimeControl "40/5400+30:1800+30"]

1. d4 Nf6 2. c4 e6 3. Nc3 Bb4 4. e3 c5 5. Bd3 Nc6 6. Nf3 Bxc3+ 7. bxc3 d6 8. O-O e5 9. d5 Ne7 10. e4 O-O 11. Rb1 Ng6 12. Ne1 Re8 13. g3 Bh3 14. Ng2 b6 15. Qc2 Qd7 16. Bg5 Nf4 17. Nxf4 Bxf1 18. Rxf1 exf4 19. Bxf4 Ng4 20. Bc1 Ne5 21. Be2 f6 22. f4 Nf7 23. Qd1 Rxe4 24. Bd3 Re7 25. Qc2 h6 26. Qd1 Rae8 27. Qh5 Re1 28. Bd2 Rxf1+ 29. Kxf1 Qa4 30. Bg6 Qxc4+ 31. Kg1 Re7 32. Qf5 Qe2 33. c4 Qd1+ 34. Kg2 Qxd2+ 35. Kh3 Qe2 36. Bh7+ Kf8 37. Bg6 Re8 0-1

[Event "106th British-ch 2019"]
[Site "Torquay"]
[Date "2019.07.31"]
[Round "5.27"]
[White "Jaufarally, Nadia"]
[Black "Kahn, Tito"]
[Result "1-0"]
[ECO "B42"]
[WhiteElo "1944"]
[BlackElo "1921"]
[Annotator "NA"]
[PlyCount "81"]
[EventDate "2019.07.27"]
[EventType "swiss"]
[EventCountry "GBR"]
[SourceTitle "playchess.com"]
[Source "ChessBase"]
[SourceQuality "1"]
[TimeControl "40/5400+30:1800+30"]

1. e4 c5 2. Nf3 e6 3. d4 cxd4 4. Nxd4 a6 5. Bd3 Nc6 6. Nxc6 dxc6 7. O-O e5 8. Nd2 Nf6 9. Nc4 Qc7 10. Be3 Nd7 11. a4 b5 12. axb5 cxb5 13. Nd2 Rb8 14. Nb3 Be7 15. Kh1 O-O 16. Qe2 Nc5 17. Nxc5 Bxc5 18. Bd2 Bb7 19. f4 Bd6 20. f5 f6 21. Rf3 Bc5 22. Rh3 Rf7 23. Qh5 h6 24. Qg6 Kf8 25. Qh7 Ke7 26. Rg3 Kd6 27. Ba5 Qe7 28. c4 Bc8 29. Rd1 b4 30. Bc2+ Kc6 31. Ba4+ Kb7 32. Bd8 Qf8 33. Ba5 Ka7 34. Rd8 Qe7 35. Qg8 Qb7 36. Bc6 Qxc6 37. Qxf7+ Bb7 38. Rxb8 Kxb8 39. Rxg7 Qxe4 40. Qc7+ Ka8 41. Rg8+ 1-0